 Dungeon Crawl Stone Soup version 0.29-a0-1027-gcd8c55af63 (webtiles) character file.

Game seed: 6972330020002186727

21 MisterAzrael the Caller (level 2, -3/15 HPs)
             Began as a Deep Elf Summoner on Aug 13, 2022.
             Slain by a quokka (4 damage)
             ... on level 1 of the Dungeon.
             The game lasted 00:01:20 (1100 turns).

MisterAzrael the Caller (Deep Elf Summoner)         Turns: 1100, Time: 00:01:21

Health: -3/15      AC:  2    Str:  5    XL:     2   Next: 65%
Magic:  6/8        EV: 13    Int: 19    God:
Gold:   43         SH:  0    Dex: 15    Spells: 4/7 levels left

rFire   . . .      SeeInvis .   (no weapon)
rCold   . . .      Faith    .   (no shield)
rNeg    . . .      Spirit   .   a - +0 robe
rPois   .          Reflect  .   (no helmet)
rElec   .          Harm     .   (no cloak)
rCorr   .          Rampage  .   (no gloves)
Will    .....                   (no boots)
Stlth   ++........              (no amulet)
HPRegen 0.05/turn               (no ring)
MPRegen 0.11/turn               (no ring)

@: very slightly contaminated
A: no striking features
a: no special abilities


You were on level 1 of the Dungeon.
You visited 1 branch of the dungeon, and saw 1 of its levels.

You collected 43 gold pieces.

Inventory:

Armour
 a - a +0 robe (worn)
Jewellery
 e - a ring of flight
Scrolls
 c - a scroll of summoning {unknown}
 g - a scroll of identify {unknown}
Potions
 b - a potion of magic
 d - a potion of curing {unknown}
 f - a potion of lignification {unknown}


   Skills:
 - Level 2.9 Dodging
 - Level 3.0 Stealth
 + Level 3.4 Spellcasting
 + Level 4.6 Summonings


You had 4 spell levels left.
You knew the following spells:

 Your Spells              Type           Power      Damage    Failure   Level
a - Summon Small Mammal   Summ           80%        N/A       2%          1
b - Call Imp              Summ           20%        N/A       3%          2

Your spell library contained the following spells:

 Spells                   Type           Power      Damage    Failure   Level
 Call Canine Familiar     Summ           20%        N/A       6%          3
 Summon Guardian Golem    Hex/Summ       12%        N/A       17%         3
 Summon Lightning Spire   Summ/Air       12%        N/A       50%         4


Dungeon Overview and Level Annotations

Branches:
Dungeon (1/15)

Altars:


Message History

Press: ? - help, Dir - move target, f - quokka
Aim: a quokka (asleep) Attack!
An endoplasm comes into view.
The quokka bites you.
The endoplasm quivers.
The quokka barely misses you. The quokka bites you.
Your crimson imp hits the quokka.
You hit the endoplasm but do no damage. The quokka closely misses you.
The quokka misses you. The endoplasm barely misses you.
Your crimson imp hits the quokka.
The quokka bites you. The endoplasm closely misses you.
Your crimson imp blinks!
The endoplasm attacks as you move away!
The endoplasm hits you but does no damage.
The quokka bites you. The quokka attacks as you move away!
The quokka barely misses you. The quokka bites you.
* * * LOW HITPOINT WARNING * * *
The quokka closely misses you.
The endoplasm hits you but does no damage.
Your crimson imp blinks!
Casting: Call Imp (safe; 3% risk of failure)
Confirm with . or Enter, or press ? or * to list all spells.
The quokka barely misses you. The endoplasm closely misses you.
Your crimson imp blinks!
Casting: Summon Small Mammal (safe; 2% risk of failure)
Confirm with . or Enter, or press ? or * to list all spells.
You miscast Summon Small Mammal.
You are very lightly contaminated with residual magic.
Nothing appears to happen.
The quokka bites you.
* * * LOW HITPOINT WARNING * * *
Your rat bites the endoplasm.
The endoplasm freezes you.
You are frozen.
* * * LOW HITPOINT WARNING * * *
The quokka closely misses you.
Your rat bites the endoplasm but does no damage.
The quokka bites you.
You die...

#.....## #.....## #.....##
#####################...†.##
........................)...
..........r#######...#.#....
..........J# #...#.#.##.
..........r#######..........
......5....@....###....>....
..###..####.###..##.........
# #... .... .#####.#.##.
#..# ###### .# #.#.#..
#..#.. ..###.#.#.#
#####..... (...#.#.#.#
#...#.##.# #.#.#.#.#..
#.#.#.##.# #.#.#.#.###
####.#.#.##.######
#.#..[..#..


You could see an endoplasm (ally target), a quokka (ally target), a friendly
crimson imp (summoned) and a friendly rat (summoned).

Vanquished Creatures (collateral kills)
  2 ball pythons (D:1)
  2 endoplasms (D:1)
  2 giant cockroaches (D:1)
  2 goblins (D:1)
  3 hobgoblins (D:1)
  2 quokkas (D:1)
  2 kobolds (D:1)
  3 rats (D:1)
18 creatures vanquished.

Notes
Turn   | Place    | Note
-------+----------+-------------------------------------------
     0 | D:1      | MisterAzrael the Deep Elf Summoner began the quest for the
                  | Orb.
     0 | D:1      | Reached XP level 1. HP: 10/10 MP: 6/6
   272 | D:1      | Reached XP level 2. HP: 15/15 MP: 6/8
  1015 | D:1      | Learned a level 2 spell: Call Imp
  1100 | D:1      | Slain by a quokka

Illustrated notes

Levels and vault maps discovered:
D:1:      erik_arrival_orb_chamber, layout_basic

Skill      XL: |  1  2 |
---------------+-------+-----
Stealth        | 3 |  3.0
Dodging        | |  2.9
Spellcasting   | |  3.4
Summonings     | |  4.6

Action                   || total
-------------------------++-------
Melee: Unarmed           ||     4
 Cast: Summon Small Mamm ||    29
       Call Imp          ||     1
  Use: Potion            ||     1
Armor: Robe              ||     8
Dodge: Dodged            ||    31

Table legend: (Time is in decaauts)
 A = Elapsed time spent in this place.
 B = Non-inter-level travel time spent in this place.
 C = Inter-level travel time spent in this place.
 D = Time resting spent in this place.
 E = Time spent auto-exploring this place.
 F = Levels seen in this place.
 G = Mean time per level.
                   A        B        C        D        E       F      G
               +--------+--------+--------+--------+--------+-----+--------+
         Total |   1100 |   1100 |      0 |    430 |    465 |   1 | 1100.0 |
       Dungeon |   1100 |   1100 |      0 |    430 |    465 |   1 | 1100.0 |
               +--------+--------+--------+--------+--------+-----+--------+

Top non-repeatable levels by time:
     D:1: 1100 daAuts
